 Dungeon Crawl Stone Soup version 0.31-a0-859-g9dce7d3444 (webtiles) character file.

Game seed: 12215881332999862112

1022 promet the Ruffian (level 8, -1/78 HPs)
             Began as a Troll Monk on Oct 10, 2023.
             Splashed by a jelly's acid (2 damage)
             ... on level 5 of the Dungeon.
             The game lasted 00:23:08 (4817 turns).

promet the Ruffian (Troll Monk)                     Turns: 4817, Time: 00:23:09

Health: -1/78      AC: -16   Str: 20    XL:     8   Next: 2%
Magic:  7/7        EV: 10    Int:  8    God:
Gold:   168        SH:  0    Dex:  9    Spells: 7/7 levels left

rFire   + . .        a - +7 dagger "Senitis" {pain, Will+++ Dex-3 Stlth-}
rCold   + . .        c - orb {light}
rNeg    . . .        n - +0 robe
rPois   .            (helmet restricted)
rElec   .            (no cloak)
rCorr   .            (gloves unavailable)
SInv    .            (boots unavailable)
Will    +++..        (no amulet) Stlth
                     p - ring of protection from cold
HPRegen 1.13/turn    v - ring of protection from fire
MPRegen 0.10/turn

%: no passive effects
@: corroded, glowing
A: large, unfitting armour, claws 3, regeneration 1, shaggy fur 1, tough skin 1
a: no special abilities


You were on level 5 of the Dungeon.
You visited 1 branch of the dungeon, and saw 5 of its levels.

You collected 268 gold pieces.
You spent 100 gold pieces at shops.

Inventory:

Hand Weapons
 a - the +7 dagger "Senitis" (weapon) {pain, Will+++ Dex-3 Stlth-}
   (You found it on level 2 of the Dungeon)

   Dex-3:     It affects your dexterity (-3).
   Will+++:   It greatly increases your willpower.
   Stlth-:    It makes you less stealthy.
 b - a +0 sling
 g - a +1 vampiric short sword
 k - a +3 short sword of venom
 u - the +2 war axe "Noga Itt" {flame, Str+4 Int+2}
   (You found it on level 4 of the Dungeon)

   Str+4:     It affects your strength (+4).
   Int+2:     It affects your intelligence (+2).
 w - a +0 trident
 y - a +0 shortbow
 B - a +0 halberd
Missiles
 d - 2 poisoned darts (quivered)
 m - 24 stones
 A - a throwing net
 G - 5 datura-tipped darts
Armour
 c - an orb of light (worn)
 n - a +0 robe (worn)
Jewellery
 p - a ring of protection from cold (left claw)
 v - a ring of protection from fire (right claw)
Wands
 x - a wand of iceblast (5)
 z - a wand of light (11)
Scrolls
 q - 2 scrolls of immolation
 s - a scroll of enchant armour {unknown}
 C - a scroll of blinking
 F - a scroll of teleportation
Potions
 e - 2 potions of enlightenment
 f - a potion of degeneration {unknown}
 h - a potion of invisibility {unknown}
 i - 4 potions of curing
 j - a potion of haste {unknown}
 l - 2 potions of lignification {unknown}
 o - 2 potions of might
 r - a potion of attraction {unknown}
 t - a potion of ambrosia
 D - a potion of mutation {unknown}
 E - a potion of brilliance {unknown}


   Skills:
 * Level 3.9 Fighting
 + Level 1.0 Short Blades
 * Level 2.5 Axes
 + Level 1.9 Ranged Weapons
 + Level 0.2 Throwing
 + Level 4.2 Dodging
 + Level 0.1 Stealth
 * Level 6.0 Unarmed Combat


You had 7 spell levels left.
You didn't know any spells.
Your spell library contained the following spells:

 Spells                   Type           Power      Damage    Failure   Level
 Apportation              Tloc           0%         N/A       41%         1
 Magic Dart               Conj           0%         1d3       41%         1
 Necrotise                Necr           0%         1d4       41%         1
 Call Imp                 Summ           0%         N/A       54%         2
 Jinxbite                 Hex            0%         N/A       54%         2
 Inner Flame              Hex/Fire       0%         N/A       78%         3
 Mephitic Cloud           Conj/Pois/Air  0%         N/A       78%         3
 Vampiric Draining        Necr           0%         2d6       78%         3
 Flame Wave               Conj/Fire      0%         2d4       99%         4
 Sticky Flame             Conj/Fire      0%         2d3       99%         4
 Agony                    Necr           0%         N/A       100%        5
 Alistair's Intoxication  Tmut/Pois      0%         N/A       100%        5


Dungeon Overview and Level Annotations

Branches:
Dungeon (5/15)
 Temple: D:4-7

Altars:
Yredelemnul
Zin

Shops:
D:2 !   D:3 !

Annotations:
D:3 1 runed translucent door, Kurtz's ghost, amateur NaDe


Innate Abilities, Weirdness & Mutations

You are too large for most types of armour.
You have claws for hands.
Your natural rate of healing is unusually fast.
You are covered in fur. (AC +1)
You have tough skin. (AC +1)


Message History

You hit the jelly.
Your claws burn!
The jelly is moderately wounded.
You hit the jelly. The acid corrodes you!
Your claws burn!
The jelly is heavily wounded.
The jelly hits you. The acid corrodes you!
You are splashed with acid!
You hit the jelly but do no damage.
Your claws burn!
The jelly is heavily wounded.
The jelly closely misses you.
You hit the jelly. The acid corrodes you!
Your claws burn!
The jelly is severely wounded.
The jelly hits you.
You are splashed with acid!
You hit the jelly. The acid corrodes you!
Your claws burn!
The jelly is almost dead.
The jelly hits you.
You are splashed with acid!
You hit the jelly but do no damage.
Your claws burn!
The jelly is almost dead.
The jelly hits you. The acid corrodes you!
You are splashed with acid.
You hit the jelly but do no damage.
Your claws burn!
* * * LOW HITPOINT WARNING * * *
The jelly is almost dead.
The jelly hits you.
* * * LOW HITPOINT WARNING * * *
You are splashed with acid!
* * * LOW HITPOINT WARNING * * *
You feel better. The jelly hits you.
* * * LOW HITPOINT WARNING * * *
The acid corrodes you!
You are splashed with acid!
* * * LOW HITPOINT WARNING * * *
You completely miss the jelly.
The jelly is almost dead.
The jelly barely misses you.
You hit the jelly but do no damage.
Your claws burn!
* * * LOW HITPOINT WARNING * * *
The jelly is almost dead.
The jelly hits you.
* * * LOW HITPOINT WARNING * * *
You are splashed with acid.
* * * LOW HITPOINT WARNING * * *
You hit the jelly but do no damage.
Your claws burn!
You die...

#.###........#
#...#.###..# #.#
#.##.##..# ##....# ..#
#.# #.##.#
..########.###.##
###.###.##........#
##...##
........#####..##.#
##...# >##.##### #
.##.# ##.#.#.# .##.# #.
##.# ###.##.##.###
.##.#
###..##.###............
.##.#
#.....@.....#.##.##.###
.##..
.)....#J..#####.#.# ..
.#### ##.##........
.... ## .# #.........#
##.## .# #.........#
### .# #<........# .#
####.!.#### .### #...#
...#


You could see a jelly.

Vanquished Creatures
  Duvessa (D:4)
  A water moccasin (D:4)
  A centaur (D:4)
  A scorpion (D:4)
  Dowan (D:4)
  2 hounds
  2 jellies
  An orc priest (D:4)
  A gnoll bouda (D:4)
  Jessica (D:2)
  Natasha (thrice) (D:2)
  An iguana (D:5)
  2 orc wizards (D:5)
  Robin (D:4)
  12 gnolls
  2 adders (D:4)
  2 worms (D:4)
  5 dart slugs
  5 orcs
  5 ball pythons
  2 bat skeletons (D:2)
  2 bat zombies (D:2)
  6 endoplasms
  3 giant cockroaches
  13 goblins
  12 hobgoblins
  3 jackals (D:3)
  4 quokkas
  6 bats
  A bat simulacrum (D:2)
  A jackal skeleton (D:2)
  7 kobolds
  8 rats
118 creatures vanquished.

Notes
Turn   | Place    | Note
-------+----------+-------------------------------------------
     0 | D:1      | promet the Troll Monk began the quest for the Orb.
     0 | D:1      | Reached XP level 1. HP: 22/22 MP: 0/0
   108 | D:1      | Reached XP level 2. HP: 27/29 MP: 1/1
   212 | D:1      | Reached XP level 3. HP: 33/36 MP: 2/2
   561 | D:1      | You fall into a shaft and drop 1 floor!
   563 | D:2      | Found Hidgho's Distillery.
   594 | D:2      | Bought a potion of curing for 30 gold pieces
   594 | D:2      | Bought a potion of curing for 30 gold pieces
   690 | D:2      | Found a faded altar of an unknown god.
   796 | D:2      | Noticed Jessica
   805 | D:2      | Killed Jessica
   806 | D:2      | Reached XP level 4. HP: 45/45 MP: 3/3
   826 | D:2      | Found a glowing silver altar of Zin.
   860 | D:2      | Noticed Natasha
   893 | D:2      | Killed Natasha
   894 | D:2      | Reached skill level 4 in Unarmed Combat
   930 | D:2      | Identified the +7 dagger "Senitis" {pain, Will+++ Dex-3
                  | Stlth-}
   988 | D:2      | Noticed Natasha
   993 | D:2      | Killed Natasha
  1055 | D:2      | Noticed Natasha
  1062 | D:2      | Killed Natasha
  1063 | D:2      | Reached XP level 5. HP: 53/53 MP: 4/4
  1626 | D:3      | Found a runed translucent door.
  1626 | D:3      | Noticed a black bear
  1626 | D:3      | Noticed Kurtz's ghost (amateur NaDe)
  1925 | D:3      | Found Ocrim's Distillery.
  1973 | D:3      | Bought a potion of might for 40 gold pieces
  2353 | D:4      | Identified the +2 war axe "Noga Itt" {flame, Str+4 Int+2}
  2395 | D:4      | Reached skill level 1 in Axes
  2410 | D:4      | Found a basalt altar of Yredelemnul.
  2461 | D:4      | Noticed a centaur
  2473 | D:4      | Killed a centaur
  2474 | D:4      | Reached XP level 6. HP: 34/61 MP: 5/5
  2480 | D:4      | Noticed Robin
  2537 | D:4      | Reached skill level 5 in Unarmed Combat
  3468 | D:4      | Killed Robin
  3575 | D:4      | Noticed Dowan
  3576 | D:4      | Noticed Duvessa
  3596 | D:4      | Killed Duvessa
  3597 | D:4      | Reached skill level 1 in Ranged Weapons
  3597 | D:4      | Reached XP level 7. HP: 67/67 MP: 6/6
  3609 | D:4      | Killed Dowan
  4111 | D:5      | Entered Level 5 of the Dungeon
  4136 | D:4      | Reached skill level 6 in Unarmed Combat
  4544 | D:5      | Reached XP level 8. HP: 76/78 MP: 7/7
  4772 | D:5      | Reached skill level 1 in Short Blades
  4816 | D:5      | HP: 1/78 [acid (6)]
  4817 | D:5      | Splashed by a jelly's acid

Illustrated notes

Levels and vault maps discovered:
D:1:      nicolae_arrival_escape_room, layout_loops_ring, minmay_crystal_room,
          st_stairs_5
D:2:      layout_basic, serial_shops, shop_coins, basic_altar,
          basic_ecumenical_altar, supply_closet_lemuel,
          chequers_serial_rivers_micro_a, dilly_guarded_unrand_morg,
          uniq_jessica
D:3:      layout_basic, ebering_ghost_inner_flame, serial_shops, shop
D:4:      layout_basic, mainiacjoe_overflow_catwalk, gup_sewer_entry_spiral,
          hangedman_abyss_or_decor_stagger, chequers_serial_rivers_small_a,
          uniq_robin, uniq_duvessa
D:5:      layout_loops_ring, grunt_temple_overflow_diamond,
          minmay_temple_entry_butterflies

Skill      XL: |  1  2  3  4  5  6  7  8 |
---------------+-------------------------+-----
Fighting       | 3 |  3.9
Dodging        | 3 4 |  4.2
Unarmed Combat | 4 5 6 |  6.0
Axes           | 1 2 |  2.5
Ranged Weapons | 1 |  1.9
Short Blades   | 1 |  1.0
Throwing       | |  0.2
Stealth        | |  0.1

Action                     |  1- 3 |  4- 6 |  7- 9 || total
---------------------------+-------+-------+-------++-------
  Melee: Unarmed           |    47 |   115 |    32 ||   194
         Dagger            |       |     2 |    56 ||    58
   Fire: Sling             |       |    58 |     4 ||    62
  Throw: Dart              |     3 |       |     2 ||     5
  Evoke: Wand              |       |     3 |       ||     3
    Use: Scroll            |     2 |     4 |       ||     6
         Potion            |       |       |     1 ||     1
 Armour: Robe              |    19 |   120 |    49 ||   188
  Dodge: Dodged            |    25 |    79 |    39 ||   143

Table legend: (Time is in decaauts)
 A = Elapsed time spent in this place.
 B = Non-inter-level travel time spent in this place.
 C = Inter-level travel time spent in this place.
 D = Time resting spent in this place.
 E = Time spent auto-exploring this place.
 F = Levels seen in this place.
 G = Mean time per level.
                   A        B        C        D        E       F      G
               +--------+--------+--------+--------+--------+-----+--------+
         Total |   4817 |   4707 |    110 |   1051 |   1688 |   5 |  963.4 |
       Dungeon |   4817 |   4707 |    110 |   1051 |   1688 |   5 |  963.4 |
               +--------+--------+--------+--------+--------+-----+--------+

Top non-repeatable levels by time:
     D:4: 1849 daAuts
     D:2: 1056 daAuts
     D:3: 790 daAuts
     D:5: 562 daAuts
     D:1: 559 daAuts
